 Dungeon Crawl Stone Soup version 0.29.0-4-gdea44cf6ec (webtiles) character file.

Game seed: 14310050802948693611

18550 qw the Brawler (level 12, -1/104 HPs)
             Began as a Ghoul Enchanter on Sept 5, 2022.
             Was a High Priest of Okawaru.
             Slain by a yak (5 damage)
             ... on level 1 of the Lair of Beasts.
             The game lasted 00:06:11 (17146 turns).

qw the Brawler (Ghoul Enchanter)                   Turns: 17146, Time: 00:06:11

Health: -1/104     AC: 28    Str: 23    XL:     12   Next: 59%
Magic:  15/18      EV:  8    Int: 10    God:    Okawaru [*****.]
Gold:   1004       SH:  5    Dex:  9    Spells: 14/14 levels left

rFire   + . .      SeeInvis +     - Unarmed
rCold   . . .      Faith    .   s - +0 buckler
rNeg    + + +      Spirit   .   m - +0 plate armour
rPois   inf        Reflect  .   i - +2 helmet {SInv}
rElec   .          Harm     .   p - +2 cloak
rCorr   +          Rampage  .   a - +2 pair of gloves
Will    .....                   n - +1 pair of boots
Stlth   ..........              (no amulet)
HPRegen 0.00/turn               c - ring of resist corrosion
MPRegen 0.16/turn               h - ring "Usmud" {Fire Str+6}

@: heroic, inhibited regen
A: claws 1, cold resistance 1, negative energy resistance 3, inhibited
regeneration, torment resistance 2, devour on kill
a: Renounce Religion, Heroism, Finesse, Duel


You were on level 1 of the Lair of Beasts.
You worshipped Okawaru.
Okawaru was extremely pleased with you.
You visited 3 branches of the dungeon, and saw 13 of its levels.

You collected 1111 gold pieces.
You spent 107 gold pieces at shops.


Innate Abilities, Weirdness & Mutations

You are immune to poison.
You have sharp fingernails.
Your flesh is cold resistant. (rC+)
You are immune to negative energy. (rN+++)
You do not regenerate when monsters are visible.
You are immune to unholy pain and torment.
You thrive by killing the living.


   Skills:
 - Level 9.0(14.0) Fighting
 - Level 0.8(5.8) Short Blades
 - Level 3.1(8.1) Throwing
 - Level 6.3(11.3) Armour
 - Level 2.0(7.0) Dodging
 - Level 3.2(8.2) Stealth
 - Level 4.0(9.0) Shields
 + Level 15.0(20.0) Unarmed Combat
 - Level 1.7 Spellcasting
 - Level 2.4 Hexes
 + Level 9.4 Invocations


You had 14 spell levels left.
You didn't know any spells.
Your spell library contained the following spells:

 Spells                   Type           Power      Damage    Failure   Level
 Ensorcelled Hibernation  Hex/Ice        6%         N/A       99%         2
 Confusing Touch          Hex            5%         N/A       99%         3
 Dazzling Flash           Conj/Hex       6%         N/A       100%        3
 Tukima's Dance           Hex            Unusable   N/A       N/A         3

Inventory:

Missiles
 b - 20 boomerangs
 u - 2 javelins (quivered)
Armour
 a - a +2 pair of gloves (worn)
 i - a +2 helmet of see invisible (worn)
 m - a +0 plate armour (worn)
 n - a +1 pair of boots (worn)
 p - a +2 cloak (worn)
 s - a +0 buckler (worn)
Jewellery
 c - a ring of resist corrosion (left hand)
 h - the ring "Usmud" (right hand) {Fire Str+6}
   (You acquired it on level 10 of the Dungeon)

   [ring of fire]

   It enhances your fire magic.
   Str:       It affects your strength (+6).
   rF:        It protects you from fire.
   rC:        It makes you vulnerable to cold.
Scrolls
 e - 2 scrolls of enchant weapon
 f - a scroll of identify
Potions
 g - a potion of berserk rage {unknown}
 j - a potion of might {unknown}
 k - a potion of degeneration {unknown}
 o - 2 potions of curing
 q - a potion of mutation

Dungeon Overview and Level Annotations

Branches:
Dungeon (11/15)            Temple (1/1) D:6            Lair (1/5) D:10
    Orc (0/2) D:10

Altars:
Ashenzari
Dithmenos
Fedhas
Gozag
Hepliaklqana
Kikubaaqudgha
Okawaru
Ru
Uskayaw
Vehumet
Wu Jian
Yredelemnul

Shops:
D:5 *

Portals:
Trove: D:11 (give 10 potions of heal wounds)


Message History

Amaemon points at the orange demon and mumbles some strange words.
The orange demon seems to grow toxic.
The orange demon stings you but does no damage.
The yak barely misses you.
You punch Amaemon!
You kill Amaemon!
Okawaru accepts your kill.
The scorpion disappears in a puff of smoke! x5
You hit the yak but do no damage. The yak barely misses you.
You block the yak's attack. The orange demon stings you from afar.
You punch the yak!
The yak is heavily wounded.
The yak gores you but does no damage. The yak closely misses you.
The yak completely misses you.
The orange demon stings you but does no damage.
You pummel the yak!!
You kill the yak!
Okawaru accepts your kill.
You punch the yak!
The yak is moderately wounded.
The yak gores you. You block the yak's attack.
You block the orange demon's attack.
You hit the yak but do no damage.
The yak is moderately wounded.
The yak closely misses you. The yak gores you but does no damage.
The yak gores you. The orange demon stings you from afar.
You punch the yak!
The yak is severely wounded.
You pummel the yak!!
You kill the yak!
Okawaru accepts your kill.
You feel like a meek peon again.
The yak gores you but does no damage. x2; The orange demon stings you from afar.
Your Shields skill increases to level 4!
17146 ||| INVOKING Heroism.
You gain the combat prowess of a mighty hero.
The yak barely misses you. The yak gores you but does no damage.
The yak gores you.
You die...

...# .###.... #..#
......... #|.#
#......... #..#
##..........
##..###.#.........
#.................
#.4............##
##YY.##..+####..#.
#@YY.#....Y...#.#.
##YY.#...YY...#YYY
#.........Y..#.#.
#...#........%YY.
#..........6.#Y##
#...#.#.##.###..4
............ ....
.............##++
...........#


You could see an orange demon (curare) and 6 yaks.

Vanquished Creatures
  A boulder beetle (D:11)
  2 two-headed ogres (D:11)
  Amaemon (Lair:1)
  Nergalle (D:10)
  Pikel (D:5)
  3 elephants (Lair:1)
  A komodo dragon (Lair:1)
  A troll (D:10)
  Grinder (D:4)
  A shadow (D:11)
  43 yaks
  4 wyverns
  A wraith (D:11)
  5 humans (D:8)
  3 basilisks (D:10)
  2 steam dragons
  A water moccasin (D:6)
  2 orc warriors
  4 ice beasts
  A swamp drake (D:10)
  2 black bears
  A sky beast (D:7)
  3 ogres (D:5)
  6 centaurs
  6 wolves (Lair:1)
  A kobold brigand (D:11)
  2 bullfrogs (Lair:1)
  3 necrophages
  2 scorpions
  23 wights
  6 killer bees (D:7)
  4 howler monkeys
  A jelly (D:7)
  8 orc priests
  5 hounds
  3 iguanas
  3 orc wizards
  4 gnolls (D:5)
  10 adders
  3 white imps
  An ufetubus (D:6)
  2 worms (D:2)
  2 dart slugs
  34 orcs
  2 endoplasms (D:3)
  6 giant cockroaches
  12 goblins
  9 hobgoblins
  2 quokkas
  7 ball pythons
  3 bats
  5 frilled lizards
  9 kobolds
  A rat (D:3)
  A spectral orc (D:4)
271 creatures vanquished.

Vanquished Creatures (others)
  4 fungi (Lair:1)
  20 plants
24 creatures vanquished.

Grand Total: 295 creatures vanquished

Notes
Turn   | Place    | Note
-------+----------+-------------------------------------------
     0 | D:1      | qw the Ghoul Enchanter began the quest for the Orb.
     0 | D:1      | Reached XP level 1. HP: 14/14 MP: 2/2
     0 | D:1      | 0 ||| qw: Version: 0.1-a-104-g96f76f8
     0 | D:1      | 0 ||| qw: Game counter: 5834
     0 | D:1      | 0 ||| qw: Always use a shield: true
     0 | D:1      | 0 ||| qw: God list: Okawaru
     0 | D:1      | 0 ||| qw: Allow faded altars: false
     0 | D:1      | 0 ||| qw: Do Orc after D:15 true
     0 | D:1      | 0 ||| qw: Do second Lair branch before Depths: true
     0 | D:1      | 0 ||| qw: Lair rune preference: random
     0 | D:1      | 0 ||| qw: Plans: Normal
     0 | D:1      | 0 ||| PLANNING D:1-11
     1 | D:1      | 1 ||| DROPPING +1 dagger.
   147 | D:1      | Reached skill level 1 in Unarmed Combat
   254 | D:1      | Reached XP level 2. HP: 22/22 MP: 3/3
   265 | D:1      | Reached skill level 1 in Fighting
   276 | D:1      | 276 ||| Stepping ~*~*~tactically~*~*~ (stealth).
   282 | D:1      | 282 ||| Stepping ~*~*~tactically~*~*~ (outnumbered).
   283 | D:1      | 283 ||| Stepping ~*~*~tactically~*~*~ (outnumbered).
   284 | D:1      | 284 ||| Stepping ~*~*~tactically~*~*~ (outnumbered).
   285 | D:1      | 285 ||| Stepping ~*~*~tactically~*~*~ (outnumbered).
   286 | D:1      | 286 ||| Stepping ~*~*~tactically~*~*~ (outnumbered).
   287 | D:1      | 287 ||| Stepping ~*~*~tactically~*~*~ (outnumbered).
   288 | D:1      | 288 ||| Stepping ~*~*~tactically~*~*~ (outnumbered).
   290 | D:1      | 290 ||| Stepping ~*~*~tactically~*~*~ (outnumbered).
   293 | D:1      | 293 ||| Stepping ~*~*~tactically~*~*~ (outnumbered).
   294 | D:1      | 294 ||| Stepping ~*~*~tactically~*~*~ (outnumbered).
   295 | D:1      | 295 ||| Stepping ~*~*~tactically~*~*~ (outnumbered).
   296 | D:1      | 296 ||| Stepping ~*~*~tactically~*~*~ (outnumbered).
   300 | D:1      | 300 ||| Stepping ~*~*~tactically~*~*~ (outnumbered).
   301 | D:1      | 301 ||| Stepping ~*~*~tactically~*~*~ (outnumbered).
   302 | D:1      | 302 ||| Stepping ~*~*~tactically~*~*~ (outnumbered).
   739 | D:1      | Reached skill level 2 in Unarmed Combat
  1127 | D:1      | You fall into a shaft and drop 1 floor!
  1127 | D:2      | Found a faded altar of an unknown god.
  1294 | D:2      | Reached XP level 3. HP: 12/28 MP: 4/4
  1473 | D:2      | 1473 ||| Stepping ~*~*~tactically~*~*~ (stealth).
  1489 | D:2      | Reached skill level 3 in Unarmed Combat
  1495 | D:2      | 1495 ||| Stepping ~*~*~tactically~*~*~ (stealth).
  1497 | D:2      | 1497 ||| Stepping ~*~*~tactically~*~*~ (stealth).
  1498 | D:2      | 1498 ||| Stepping ~*~*~tactically~*~*~ (stealth).
  1748 | D:2      | 1748 ||| Stepping ~*~*~tactically~*~*~ (stealth).
  2070 | D:2      | 2070 ||| Stepping ~*~*~tactically~*~*~ (hiding).
  2172 | D:2      | 2172 ||| Stepping ~*~*~tactically~*~*~ (hiding).
  2274 | D:2      | 2274 ||| Stepping ~*~*~tactically~*~*~ (hiding).
  2376 | D:2      | 2376 ||| Stepping ~*~*~tactically~*~*~ (hiding).
  2478 | D:2      | 2478 ||| Stepping ~*~*~tactically~*~*~ (hiding).
  2580 | D:2      | 2580 ||| Stepping ~*~*~tactically~*~*~ (hiding).
  2682 | D:2      | 2682 ||| Stepping ~*~*~tactically~*~*~ (hiding).
  2683 | D:2      | 2683 ||| Stepping ~*~*~tactically~*~*~ (hiding).
  2684 | D:2      | 2684 ||| Stepping ~*~*~tactically~*~*~ (hiding).
  2689 | D:2      | Reached XP level 4. HP: 35/35 MP: 5/5
  3022 | D:2      | 3022 ||| UPGRADING to +0 chain mail.
  3032 | D:2      | 3032 ||| DROPPING +0 robe.
  3033 | D:2      | 3033 ||| UPGRADING to +0 pair of gloves.
  3038 | D:2      | 3038 ||| DROPPING amulet of faith.
  3039 | D:2      | 3039 ||| READING 2 scrolls labelled OMODO BASINEPN.
  3040 | D:2      | 3040 ||| READING 3 scrolls labelled RIFUGI BASCHEPP.
  3047 | D:2      | 3047 ||| READING scroll labelled ZUISER BURAKK.
  3048 | D:2      | 3048 ||| DROPPING 2 potions of invisibility.
  3617 | D:2      | 3617 ||| READING 2 scrolls labelled UMO ESHAFY.
  3618 | D:2      | 3618 ||| DROPPING scroll of butterflies.
  3674 | D:3      | Reached skill level 1 in Armour
  3784 | D:3      | Reached skill level 4 in Unarmed Combat
  3813 | D:3      | 3813 ||| Stepping ~*~*~tactically~*~*~ (hiding).
  3815 | D:3      | 3815 ||| Stepping ~*~*~tactically~*~*~ (hiding).
  3822 | D:3      | 3822 ||| FLEEEEING.
  3947 | D:3      | 3947 ||| FLEEEEING.
  3948 | D:3      | 3948 ||| FLEEEEING.
  4166 | D:3      | Reached XP level 5. HP: 41/41 MP: 6/6
  4195 | D:3      | Identified the +1 robe "Gosmapp" {rF- Int+5 Archmagi}
  4457 | D:3      | 4457 ||| DROPPING amulet of magic regeneration.
  4458 | D:3      | 4458 ||| UPGRADING to ring of resist corrosion.
  4459 | D:3      | 4459 ||| READING scroll labelled POSHUC VOCSUO.
  4460 | D:3      | 4460 ||| DRINKING 2 sapphire potions.
  4568 | D:4      | Reached skill level 5 in Unarmed Combat
  4568 | D:4      | Reached XP level 6. HP: 35/48 MP: 7/7
  4898 | D:4      | Found a basalt altar of Yredelemnul.
  4986 | D:4      | Noticed Grinder
  4991 | D:4      | Paralysed by Grinder for 4 turns
  4997 | D:4      | 4997 ||| Stepping ~*~*~tactically~*~*~ (hiding).
  5008 | D:4      | HP: 12/48 [Grinder (6)]
  5009 | D:4      | 5009 ||| READING 3 scrolls of teleportation.
  5010 | D:4      | 5010 ||| DRINKING potion of heal wounds.
  5013 | D:4      | 5013 ||| Stepping ~*~*~tactically~*~*~ (hiding).
  5014 | D:4      | 5014 ||| Stepping ~*~*~tactically~*~*~ (hiding).
  5023 | D:4      | Reached skill level 6 in Unarmed Combat
  5027 | D:4      | Paralysed by Grinder for 5 turns
  5030 | D:4      | HP: 12/48 [Grinder (1)]
  5033 | D:4      | 5033 ||| READING 2 scrolls of teleportation.
  5035 | D:4      | 5035 ||| Stepping ~*~*~tactically~*~*~ (hiding).
  5320 | D:4      | 5320 ||| Stepping ~*~*~tactically~*~*~ (stealth).
  5333 | D:4      | 5333 ||| Stepping ~*~*~tactically~*~*~ (stealth).
  5334 | D:4      | 5334 ||| Stepping ~*~*~tactically~*~*~ (stealth).
  5432 | D:4      | 5432 ||| Stepping ~*~*~tactically~*~*~ (hiding).
  5434 | D:4      | 5434 ||| Stepping ~*~*~tactically~*~*~ (hiding).
  5462 | D:4      | 5462 ||| Stepping ~*~*~tactically~*~*~ (hiding).
  5466 | D:4      | Paralysed by Grinder for 4 turns
  5484 | D:4      | Killed Grinder
  5485 | D:4      | Reached XP level 7. HP: 16/60 MP: 8/8
  5544 | D:4      | 5544 ||| FLEEEEING.
  5723 | D:4      | 5723 ||| Stepping ~*~*~tactically~*~*~ (stealth).
  5846 | D:4      | 5846 ||| DROPPING +6 ring of intelligence.
  5864 | D:5      | Entered Level 5 of the Dungeon
  5910 | D:5      | 5910 ||| Stepping ~*~*~tactically~*~*~ (outnumbered).
  5911 | D:5      | 5911 ||| Stepping ~*~*~tactically~*~*~ (outnumbered).
  5925 | D:5      | HP: 14/60 [gnoll/+0 club (2)]
  5926 | D:5      | 5926 ||| READING scroll of teleportation.
  6180 | D:5      | Found Zetaaceng's CLEARANCE SALE!.
  6189 | D:5      | 6189 ||| BUYING +2 helmet of see invisible (107 gold).
  6189 | D:5      | Bought a +2 helmet of see invisible for 107 gold pieces
  6203 | D:5      | 6203 ||| Stepping ~*~*~tactically~*~*~ (stealth).
  6212 | D:5      | Reached skill level 7 in Unarmed Combat
  6212 | D:5      | 6212 ||| FLEEEEING.
  6213 | D:5      | 6213 ||| FLEEEEING.
  6214 | D:5      | 6214 ||| FLEEEEING.
  6215 | D:5      | 6215 ||| FLEEEEING.
  6216 | D:5      | 6216 ||| FLEEEEING.
  6217 | D:5      | 6217 ||| FLEEEEING.
  6219 | D:5      | 6219 ||| FLEEEEING.
  6220 | D:5      | 6220 ||| FLEEEEING.
  6221 | D:5      | 6221 ||| FLEEEEING.
  6222 | D:5      | 6222 ||| FLEEEEING.
  6223 | D:5      | 6223 ||| FLEEEEING.
  6224 | D:5      | 6224 ||| STAIRDANCE
  6302 | D:4      | 6302 ||| UPGRADING to +2 helmet of see invisible.
  6453 | D:5      | Reached XP level 8. HP: 67/67 MP: 9/9
  6561 | D:5      | Identified the +5 sling "Dragonbane" {speed, rElec rC+
                  | Str+3 Dex-3}
  6572 | D:5      | 6572 ||| FLEEEEING.
  6573 | D:5      | 6573 ||| FLEEEEING.
  6574 | D:5      | 6574 ||| FLEEEEING.
  6575 | D:5      | 6575 ||| FLEEEEING.
  6576 | D:5      | 6576 ||| FLEEEEING.
  6577 | D:5      | 6577 ||| FLEEEEING.
  6578 | D:5      | 6578 ||| FLEEEEING.
  6579 | D:5      | 6579 ||| FLEEEEING.
  6580 | D:5      | 6580 ||| FLEEEEING.
  6581 | D:5      | 6581 ||| FLEEEEING.
  6582 | D:5      | 6582 ||| FLEEEEING.
  6583 | D:5      | 6583 ||| FLEEEEING.
  6584 | D:5      | 6584 ||| FLEEEEING.
  6585 | D:5      | 6585 ||| FLEEEEING.
  6586 | D:5      | 6586 ||| FLEEEEING.
  6587 | D:5      | 6587 ||| FLEEEEING.
  6588 | D:5      | 6588 ||| FLEEEEING.
  6589 | D:5      | 6589 ||| FLEEEEING.
  6590 | D:5      | 6590 ||| FLEEEEING.
  6591 | D:5      | 6591 ||| FLEEEEING.
  6592 | D:5      | 6592 ||| FLEEEEING.
  6593 | D:5      | 6593 ||| FLEEEEING.
  6594 | D:5      | 6594 ||| FLEEEEING.
  6595 | D:5      | 6595 ||| FLEEEEING.
  6596 | D:5      | 6596 ||| FLEEEEING.
  6597 | D:5      | 6597 ||| FLEEEEING.
  6598 | D:5      | 6598 ||| FLEEEEING.
  6599 | D:5      | 6599 ||| FLEEEEING.
  6600 | D:5      | 6600 ||| FLEEEEING.
  6601 | D:5      | 6601 ||| FLEEEEING.
  6602 | D:5      | 6602 ||| FLEEEEING.
  6603 | D:5      | 6603 ||| FLEEEEING.
  6604 | D:5      | 6604 ||| FLEEEEING.
  6605 | D:5      | 6605 ||| FLEEEEING.
  6606 | D:5      | 6606 ||| FLEEEEING.
  6608 | D:5      | 6608 ||| FLEEEEING.
  6609 | D:5      | 6609 ||| FLEEEEING.
  6610 | D:5      | 6610 ||| FLEEEEING.
  6611 | D:5      | 6611 ||| FLEEEEING.
  6612 | D:5      | 6612 ||| FLEEEEING.
  6613 | D:5      | 6613 ||| FLEEEEING.
  6614 | D:5      | 6614 ||| FLEEEEING.
  6615 | D:5      | 6615 ||| FLEEEEING.
  6616 | D:5      | 6616 ||| FLEEEEING.
  6617 | D:5      | 6617 ||| FLEEEEING.
  6618 | D:5      | 6618 ||| FLEEEEING.
  6619 | D:5      | 6619 ||| FLEEEEING.
  6620 | D:5      | 6620 ||| FLEEEEING.
  6621 | D:5      | 6621 ||| FLEEEEING.
  6622 | D:5      | 6622 ||| FLEEEEING.
  6623 | D:5      | 6623 ||| FLEEEEING.
  6624 | D:5      | 6624 ||| FLEEEEING.
  6625 | D:5      | 6625 ||| FLEEEEING.
  6626 | D:5      | 6626 ||| FLEEEEING.
  6627 | D:5      | 6627 ||| FLEEEEING.
  6628 | D:5      | 6628 ||| FLEEEEING.
  6629 | D:5      | 6629 ||| FLEEEEING.
  6630 | D:5      | 6630 ||| FLEEEEING.
  6631 | D:5      | 6631 ||| FLEEEEING.
  6632 | D:5      | 6632 ||| FLEEEEING.
  6633 | D:5      | 6633 ||| FLEEEEING.
  6634 | D:5      | 6634 ||| FLEEEEING.
  6635 | D:5      | 6635 ||| FLEEEEING.
  6636 | D:5      | 6636 ||| FLEEEEING.
  6637 | D:5      | 6637 ||| FLEEEEING.
  6638 | D:5      | 6638 ||| FLEEEEING.
  6639 | D:5      | 6639 ||| FLEEEEING.
  6640 | D:5      | 6640 ||| FLEEEEING.
  6641 | D:5      | 6641 ||| FLEEEEING.
  6642 | D:5      | 6642 ||| FLEEEEING.
  6643 | D:5      | 6643 ||| FLEEEEING.
  6644 | D:5      | 6644 ||| FLEEEEING.
  6645 | D:5      | 6645 ||| FLEEEEING.
  6646 | D:5      | 6646 ||| FLEEEEING.
  6647 | D:5      | 6647 ||| FLEEEEING.
  6655 | D:5      | Reached skill level 8 in Unarmed Combat
  6655 | D:5      | HP: 16/67 [orc wizard/magic dart (4)]
  7066 | D:5      | Found a sacrificial altar of Ru.
  7072 | D:5      | 7072 ||| FLEEEEING.
  7073 | D:5      | 7073 ||| FLEEEEING.
  7079 | D:5      | 7079 ||| FLEEEEING.
  7080 | D:5      | 7080 ||| FLEEEEING.
  7081 | D:5      | 7081 ||| FLEEEEING.
  7082 | D:5      | 7082 ||| FLEEEEING.
  7083 | D:5      | 7083 ||| FLEEEEING.
  7084 | D:5      | 7084 ||| FLEEEEING.
  7085 | D:5      | 7085 ||| FLEEEEING.
  7094 | D:5      | Noticed Pikel
  7096 | D:5      | 7096 ||| FLEEEEING.
  7097 | D:5      | 7097 ||| FLEEEEING.
  7098 | D:5      | 7098 ||| FLEEEEING.
  7099 | D:5      | 7099 ||| FLEEEEING.
  7100 | D:5      | 7100 ||| FLEEEEING.
  7101 | D:5      | 7101 ||| FLEEEEING.
  7102 | D:5      | 7102 ||| FLEEEEING.
  7103 | D:5      | 7103 ||| FLEEEEING.
  7104 | D:5      | 7104 ||| FLEEEEING.
  7119 | D:5      | HP: 13/67 [Pikel/+0 whip of electrocution (9)]
  7123 | D:5      | Killed Pikel
  7124 | D:5      | Reached skill level 10 in Unarmed Combat
  7399 | D:5      | Found a hide-covered altar of Uskayaw.
  7468 | D:5      | 7468 ||| Stepping ~*~*~tactically~*~*~ (stealth).
  7472 | D:5      | Reached XP level 9. HP: 57/74 MP: 10/10
  7481 | D:5      | 7481 ||| Stepping ~*~*~tactically~*~*~ (stealth).
  7522 | D:5      | Reached skill level 1 in Throwing
  7724 | D:5      | 7724 ||| Stepping ~*~*~tactically~*~*~ (stealth).
  7725 | D:5      | 7725 ||| Stepping ~*~*~tactically~*~*~ (stealth).
  7726 | D:5      | 7726 ||| Stepping ~*~*~tactically~*~*~ (stealth).
  7727 | D:5      | 7727 ||| Stepping ~*~*~tactically~*~*~ (stealth).
  7734 | D:5      | 7734 ||| Stepping ~*~*~tactically~*~*~ (outnumbered).
  7737 | D:5      | 7737 ||| Stepping ~*~*~tactically~*~*~ (outnumbered).
  7738 | D:5      | 7738 ||| Stepping ~*~*~tactically~*~*~ (outnumbered).
  7739 | D:5      | 7739 ||| Stepping ~*~*~tactically~*~*~ (outnumbered).
  7740 | D:5      | 7740 ||| Stepping ~*~*~tactically~*~*~ (outnumbered).
  7741 | D:5      | 7741 ||| Stepping ~*~*~tactically~*~*~ (outnumbered).
  7742 | D:5      | 7742 ||| Stepping ~*~*~tactically~*~*~ (outnumbered).
  7743 | D:5      | 7743 ||| Stepping ~*~*~tactically~*~*~ (outnumbered).
  7744 | D:5      | 7744 ||| Stepping ~*~*~tactically~*~*~ (outnumbered).
  7745 | D:5      | 7745 ||| Stepping ~*~*~tactically~*~*~ (outnumbered).
  7838 | D:5      | 7838 ||| Stepping ~*~*~tactically~*~*~ (stealth).
  8105 | D:6      | 8105 ||| Stepping ~*~*~tactically~*~*~ (stealth).
  8119 | D:6      | Reached skill level 3 in Armour
  8306 | D:6      | Reached skill level 6 in Fighting
  8307 | D:6      | Found a staircase to the Ecumenical Temple.
  8308 | D:6      | 8308 ||| PLANNING TEMPLE
  8313 | Temple   | Entered the Ecumenical Temple
  8326 | Temple   | Became a worshipper of Warmaster Okawaru
  8332 | Temple   | 8332 ||| PLANNING D:1-11
  8592 | D:6      | 8592 ||| Stepping ~*~*~tactically~*~*~ (outnumbered).
  8593 | D:6      | 8593 ||| Stepping ~*~*~tactically~*~*~ (outnumbered).
  8594 | D:6      | 8594 ||| Stepping ~*~*~tactically~*~*~ (outnumbered).
  8596 | D:6      | 8596 ||| Stepping ~*~*~tactically~*~*~ (outnumbered).
  8821 | D:7      | 8821 ||| Stepping ~*~*~tactically~*~*~ (stealth).
  8826 | D:7      | Reached skill level 11 in Unarmed Combat
  8862 | D:7      | 8862 ||| FLEEEEING.
  8899 | D:7      | 8899 ||| FLEEEEING.
  8900 | D:7      | 8900 ||| FLEEEEING.
  8901 | D:7      | 8901 ||| FLEEEEING.
  8904 | D:7      | 8904 ||| FLEEEEING.
  8905 | D:7      | 8905 ||| FLEEEEING.
  8906 | D:7      | 8906 ||| STAIRDANCE
  8957 | D:7      | 8957 ||| STAIRDANCE
  9030 | D:7      | 9030 ||| FLEEEEING.
  9031 | D:7      | 9031 ||| FLEEEEING.
  9032 | D:7      | 9032 ||| FLEEEEING.
  9033 | D:7      | 9033 ||| FLEEEEING.
  9034 | D:7      | 9034 ||| FLEEEEING.
  9035 | D:7      | 9035 ||| FLEEEEING.
  9036 | D:7      | 9036 ||| FLEEEEING.
  9037 | D:7      | 9037 ||| FLEEEEING.
  9038 | D:7      | 9038 ||| FLEEEEING.
  9039 | D:7      | 9039 ||| FLEEEEING.
  9040 | D:7      | 9040 ||| STAIRDANCE
  9233 | D:7      | Reached * piety under Okawaru
  9234 | D:7      | 9234 ||| INVOKING Heroism.
  9236 | D:7      | Reached skill level 12 in Unarmed Combat
  9245 | D:7      | Reached skill level 1 in Invocations
  9248 | D:7      | 9248 ||| INVOKING Heroism.
  9527 | D:7      | 9527 ||| INVOKING Heroism.
  9543 | D:7      | 9543 ||| Stepping ~*~*~tactically~*~*~ (outnumbered).
  9544 | D:7      | 9544 ||| Stepping ~*~*~tactically~*~*~ (outnumbered).
  9628 | D:7      | Reached XP level 10. HP: 84/84 MP: 11/11
  9826 | D:7      | Reached skill level 3 in Invocations
 10028 | D:7      | 10028 ||| READING scroll labelled CIWIPH HEIZ.
 10029 | D:7      | 10029 ||| READING scroll labelled SAKICV LAROV.
 10030 | D:7      | 10030 ||| DRINKING 2 red potions.
 10031 | D:7      | 10031 ||| DROPPING potion of lignification.
 10086 | D:8      | 10086 ||| PLANNING OSSUARY
 10089 | D:8      | 10089 ||| Stepping ~*~*~tactically~*~*~ (hiding).
 10100 | D:8      | 10100 ||| Stepping ~*~*~tactically~*~*~ (hiding).
 10101 | D:8      | 10101 ||| FLEEEEING.
 10102 | D:8      | 10102 ||| FLEEEEING.
 10103 | D:8      | 10103 ||| FLEEEEING.
 10104 | D:8      | 10104 ||| FLEEEEING.
 10105 | D:8      | 10105 ||| STAIRDANCE
 10231 | D:8      | 10231 ||| Stepping ~*~*~tactically~*~*~ (hiding).
 10235 | D:8      | 10235 ||| INVOKING Heroism.
 10241 | D:8      | 10241 ||| Stepping ~*~*~tactically~*~*~ (outnumbered).
 10252 | D:8      | 10252 ||| INVOKING Heroism.
 10387 | D:8      | 10387 ||| Stepping ~*~*~tactically~*~*~ (stealth).
 10395 | D:8      | 10395 ||| INVOKING Heroism.
 10396 | D:8      | 10396 ||| Stepping ~*~*~tactically~*~*~ (outnumbered).
 10397 | D:8      | 10397 ||| Stepping ~*~*~tactically~*~*~ (outnumbered).
 10399 | D:8      | 10399 ||| Stepping ~*~*~tactically~*~*~ (outnumbered).
 10402 | D:8      | 10402 ||| Stepping ~*~*~tactically~*~*~ (outnumbered).
 10403 | D:8      | 10403 ||| Stepping ~*~*~tactically~*~*~ (outnumbered).
 10404 | D:8      | 10404 ||| STAIRDANCE
 10412 | D:7      | 10412 ||| INVOKING Heroism.
 10585 | D:7      | 10585 ||| DRINKING 2 bubbling dark potions.
 10586 | D:7      | 10586 ||| DROPPING potion of brilliance.
 10589 | D:8      | 10589 ||| STAIRDANCE
 10596 | D:7      | Reached skill level 13 in Unarmed Combat
 10660 | D:8      | 10660 ||| STAIRDANCE
 10663 | D:7      | 10663 ||| INVOKING Heroism.
 10668 | D:7      | Reached ** piety under Okawaru
 10869 | D:8      | 10869 ||| RIP OSSUARY
 10870 | D:8      | 10870 ||| PLANNING D:1-11
 10870 | D:8      | 10870 ||| Stepping ~*~*~tactically~*~*~ (outnumbered).
 10871 | D:8      | 10871 ||| Stepping ~*~*~tactically~*~*~ (outnumbered).
 10875 | D:8      | 10875 ||| INVOKING Heroism.
 11099 | D:8      | 11099 ||| Stepping ~*~*~tactically~*~*~ (stealth).
 11219 | D:8      | Found a radiant altar of Vehumet.
 11232 | D:8      | 11232 ||| FLEEEEING.
 11233 | D:8      | 11233 ||| FLEEEEING.
 11234 | D:8      | 11234 ||| FLEEEEING.
 11235 | D:8      | 11235 ||| FLEEEEING.
 11238 | D:8      | 11238 ||| FLEEEEING.
 11239 | D:8      | 11239 ||| FLEEEEING.
 11240 | D:8      | 11240 ||| FLEEEEING.
 11241 | D:8      | 11241 ||| FLEEEEING.
 11242 | D:8      | 11242 ||| FLEEEEING.
 11243 | D:8      | 11243 ||| FLEEEEING.
 11244 | D:8      | 11244 ||| FLEEEEING.
 11248 | D:8      | 11248 ||| FLEEEEING.
 11249 | D:8      | 11249 ||| FLEEEEING.
 11251 | D:8      | 11251 ||| FLEEEEING.
 11252 | D:8      | 11252 ||| FLEEEEING.
 11253 | D:8      | 11253 ||| FLEEEEING.
 11255 | D:8      | 11255 ||| FLEEEEING.
 11257 | D:8      | 11257 ||| FLEEEEING.
 11258 | D:8      | 11258 ||| STAIRDANCE
 11314 | D:7      | 11314 ||| READING scroll labelled GOYSTA ETEURR.
 11317 | D:8      | 11317 ||| STAIRDANCE
 11324 | D:8      | 11324 ||| INVOKING Heroism.
 11343 | D:8      | 11343 ||| Stepping ~*~*~tactically~*~*~ (stealth).
 11532 | D:8      | 11532 ||| Stepping ~*~*~tactically~*~*~ (hiding).
 11551 | D:8      | 11551 ||| Stepping ~*~*~tactically~*~*~ (hiding).
 11554 | D:8      | 11554 ||| Stepping ~*~*~tactically~*~*~ (hiding).
 11645 | D:8      | Identified the +2 whip of qw's Certain Death {freeze, MP+9
                  | Int+2}
 11652 | D:8      | 11652 ||| Stepping ~*~*~tactically~*~*~ (outnumbered).
 11653 | D:8      | 11653 ||| Stepping ~*~*~tactically~*~*~ (outnumbered).
 11654 | D:8      | 11654 ||| Stepping ~*~*~tactically~*~*~ (outnumbered).
 11655 | D:8      | 11655 ||| Stepping ~*~*~tactically~*~*~ (outnumbered).
 11656 | D:8      | 11656 ||| Stepping ~*~*~tactically~*~*~ (outnumbered).
 11657 | D:8      | 11657 ||| Stepping ~*~*~tactically~*~*~ (outnumbered).
 11659 | D:8      | 11659 ||| Stepping ~*~*~tactically~*~*~ (outnumbered).
 11823 | D:8      | Found a hazy altar of Hepliaklqana.
 12038 | D:8      | 12038 ||| Stepping ~*~*~tactically~*~*~ (outnumbered).
 12040 | D:8      | 12040 ||| Stepping ~*~*~tactically~*~*~ (outnumbered).
 12044 | D:8      | 12044 ||| Stepping ~*~*~tactically~*~*~ (outnumbered).
 12222 | D:8      | 12222 ||| INVOKING Heroism.
 12246 | D:8      | 12246 ||| INVOKING Heroism.
 12258 | D:8      | Reached XP level 11. HP: 63/94 MP: 11/13
 12258 | D:8      | 12258 ||| Stepping ~*~*~tactically~*~*~ (cloud).
 12523 | D:8      | 12523 ||| UPGRADING to +0 plate armour.
 12533 | D:8      | 12533 ||| DROPPING +0 chain mail.
 12534 | D:8      | 12534 ||| UPGRADING to +0 pair of boots.
 12539 | D:8      | 12539 ||| DROPPING amulet of guardian spirit.
 12540 | D:8      | 12540 ||| DROPPING ring of magical power.
 12541 | D:8      | 12541 ||| READING scroll labelled KIPUEV NASKU.
 12542 | D:8      | 12542 ||| READING 2 scrolls labelled OTATAO FUGU.
 12543 | D:8      | 12543 ||| READING 2 scrolls of identify.
 12543 | D:8      | 12543 ||| IDENTIFYING bubbling yellow potion
 12544 | D:8      | 12544 ||| DROPPING potion of flight.
 12545 | D:8      | 12545 ||| DROPPING scroll of vulnerability.
 12708 | D:9      | 12708 ||| Stepping ~*~*~tactically~*~*~ (hiding).
 12715 | D:9      | 12715 ||| INVOKING Heroism.
 12791 | D:9      | Reached *** piety under Okawaru
 12809 | D:9      | Identified the +1 whip of the Stoat {speed, rPois Dex+3}
 12840 | D:9      | 12840 ||| Stepping ~*~*~tactically~*~*~ (stealth).
 12858 | D:9      | Reached skill level 3 in Throwing
 12865 | D:9      | 12865 ||| Stepping ~*~*~tactically~*~*~ (stealth).
 13197 | D:9      | Reached skill level 14 in Unarmed Combat
 13201 | D:9      | 13201 ||| Stepping ~*~*~tactically~*~*~ (outnumbered).
 13788 | D:9      | 13788 ||| UPGRADING to +2 pair of gloves.
 13798 | D:9      | 13798 ||| DROPPING +0 pair of gloves.
 13799 | D:9      | 13799 ||| DROPPING ring of wizardry.
 13800 | D:9      | 13800 ||| READING scroll labelled NOJUVUUTUV.
 13801 | D:9      | 13801 ||| DRINKING 2 bubbling inky potions.
 13845 | D:10     | Entered Level 10 of the Dungeon
 13863 | D:10     | 13863 ||| Stepping ~*~*~tactically~*~*~ (outnumbered).
 13864 | D:10     | 13864 ||| Stepping ~*~*~tactically~*~*~ (outnumbered).
 13865 | D:10     | 13865 ||| Stepping ~*~*~tactically~*~*~ (outnumbered).
 13866 | D:10     | 13866 ||| Stepping ~*~*~tactically~*~*~ (outnumbered).
 13867 | D:10     | 13867 ||| Stepping ~*~*~tactically~*~*~ (outnumbered).
 13872 | D:10     | 13872 ||| INVOKING Heroism.
 13877 | D:10     | 13877 ||| Stepping ~*~*~tactically~*~*~ (outnumbered).
 13998 | D:10     | Found a staircase to the Orcish Mines.
 14026 | D:10     | 14026 ||| Stepping ~*~*~tactically~*~*~ (stealth).
 14028 | D:10     | 14028 ||| Stepping ~*~*~tactically~*~*~ (hiding).
 14029 | D:10     | 14029 ||| Stepping ~*~*~tactically~*~*~ (hiding).
 14031 | D:10     | 14031 ||| Stepping ~*~*~tactically~*~*~ (hiding).
 14033 | D:10     | 14033 ||| Stepping ~*~*~tactically~*~*~ (hiding).
 14035 | D:10     | 14035 ||| Stepping ~*~*~tactically~*~*~ (hiding).
 14041 | D:10     | 14041 ||| Stepping ~*~*~tactically~*~*~ (stealth).
 14050 | D:10     | Noticed Nergalle
 14051 | D:10     | 14051 ||| INVOKING Heroism.
 14063 | D:10     | Killed Nergalle
 14064 | D:10     | Reached skill level 6 in Armour
 14067 | D:10     | Reached **** piety under Okawaru
 14083 | D:10     | Found a shadowy altar of Dithmenos.
 14168 | D:10     | Found an ornate altar of the Wu Jian Council.
 14181 | D:10     | 14181 ||| INVOKING Heroism.
 14362 | D:10     | 14362 ||| Stepping ~*~*~tactically~*~*~ (hiding).
 14383 | D:10     | Received a gift from Okawaru
 14490 | D:10     | Found a staircase to the Lair.
 14508 | D:10     | 14508 ||| READING scroll of enchant armour.
 14508 | D:10     | 14508 ||| ENCHANTING +0 pair of boots.
 14616 | D:10     | 14616 ||| INVOKING Heroism.
 14922 | D:10     | 14922 ||| READING scroll labelled DESKONI GEAJYCO.
 14922 | D:10     | Identified a scroll of acquirement
 14922 | D:10     | 14922 ||| ACQUIRING ring "Usmud" {Fire Str+6}
 14922 | D:10     | Acquired the ring "Usmud" {Fire Str+6}
 14924 | D:10     | 14924 ||| UPGRADING to ring "Usmud" {Fire Str+6}.
 14976 | D:10     | 14976 ||| READING 2 scrolls of teleportation.
 14977 | D:10     | 14977 ||| STAIRDANCE
 15174 | D:11     | Found a frozen archway.
 15187 | D:11     | Noticed a boulder beetle
 15188 | D:11     | 15188 ||| INVOKING Heroism.
 15207 | D:11     | Killed a boulder beetle
 15423 | D:11     | 15423 ||| Stepping ~*~*~tactically~*~*~ (stealth).
 15425 | D:11     | 15425 ||| Stepping ~*~*~tactically~*~*~ (stealth).
 15490 | D:11     | 15490 ||| Stepping ~*~*~tactically~*~*~ (hiding).
 15492 | D:11     | 15492 ||| Stepping ~*~*~tactically~*~*~ (hiding).
 15493 | D:11     | 15493 ||| Stepping ~*~*~tactically~*~*~ (hiding).
 15682 | D:11     | Noticed a two-headed ogre
 15683 | D:11     | 15683 ||| INVOKING Heroism.
 15683 | D:11     | Noticed a two-headed ogre
 15684 | D:11     | 15684 ||| Stepping ~*~*~tactically~*~*~ (stealth).
 15685 | D:11     | 15685 ||| Stepping ~*~*~tactically~*~*~ (stealth).
 15689 | D:11     | Killed a two-headed ogre
 15694 | D:11     | Killed a two-headed ogre
 15694 | D:11     | Received a gift from Okawaru
 15695 | D:11     | Reached skill level 6 in Invocations
 15795 | D:11     | 15795 ||| Stepping ~*~*~tactically~*~*~ (stealth).
 15800 | D:11     | 15800 ||| INVOKING Heroism.
 15807 | D:11     | Reached ***** piety under Okawaru
 15817 | D:11     | Reached skill level 15 in Unarmed Combat
 15922 | D:11     | Found a portal to a secret trove of treasure.
 16157 | D:11     | 16157 ||| UPGRADING to +2 cloak.
 16162 | D:11     | 16162 ||| UPGRADING to +0 buckler.
 16167 | D:11     | 16167 ||| READING scroll labelled EHISCH BOANNATUSOSM.
 16168 | D:11     | 16168 ||| READING scroll labelled JEUMARAOVO.
 16269 | D:11     | 16269 ||| READING scroll labelled RIXYSE KIBLE.
 16280 | D:10     | 16280 ||| READING scroll of teleportation.
 16435 | D:10     | 16435 ||| PLANNING LAIR
 16569 | Lair:1   | Entered Level 1 of the Lair of Beasts
 16583 | Lair:1   | 16583 ||| INVOKING Heroism.
 16588 | Lair:1   | 16588 ||| Stepping ~*~*~tactically~*~*~ (outnumbered).
 16589 | Lair:1   | 16589 ||| Stepping ~*~*~tactically~*~*~ (outnumbered).
 16590 | Lair:1   | 16590 ||| Stepping ~*~*~tactically~*~*~ (outnumbered).
 16591 | Lair:1   | 16591 ||| Stepping ~*~*~tactically~*~*~ (outnumbered).
 16592 | Lair:1   | 16592 ||| Stepping ~*~*~tactically~*~*~ (outnumbered).
 16593 | Lair:1   | 16593 ||| Stepping ~*~*~tactically~*~*~ (outnumbered).
 16594 | Lair:1   | 16594 ||| Stepping ~*~*~tactically~*~*~ (outnumbered).
 16599 | Lair:1   | Reached XP level 12. HP: 101/101 MP: 16/16
 16603 | Lair:1   | 16603 ||| INVOKING Heroism.
 16605 | Lair:1   | Reached skill level 1 in Shields
 16626 | Lair:1   | Received a gift from Okawaru
 16636 | Lair:1   | HP: 24/101 [yak (11)]
 16637 | Lair:1   | 16637 ||| DRINKING potion of heal wounds.
 16677 | Lair:1   | 16677 ||| INVOKING Heroism.
 16851 | Lair:1   | 16851 ||| Stepping ~*~*~tactically~*~*~ (stealth).
 16853 | Lair:1   | 16853 ||| Stepping ~*~*~tactically~*~*~ (stealth).
 16854 | Lair:1   | 16854 ||| INVOKING Heroism.
 16862 | Lair:1   | 16862 ||| Stepping ~*~*~tactically~*~*~ (outnumbered).
 16865 | Lair:1   | Reached skill level 3 in Shields
 16872 | Lair:1   | 16872 ||| Stepping ~*~*~tactically~*~*~ (outnumbered).
 16873 | Lair:1   | 16873 ||| Stepping ~*~*~tactically~*~*~ (outnumbered).
 16874 | Lair:1   | 16874 ||| Stepping ~*~*~tactically~*~*~ (outnumbered).
 16875 | Lair:1   | 16875 ||| Stepping ~*~*~tactically~*~*~ (outnumbered).
 16876 | Lair:1   | 16876 ||| Stepping ~*~*~tactically~*~*~ (outnumbered).
 16877 | Lair:1   | 16877 ||| Stepping ~*~*~tactically~*~*~ (outnumbered).
 16878 | Lair:1   | 16878 ||| Stepping ~*~*~tactically~*~*~ (outnumbered).
 16879 | Lair:1   | 16879 ||| Stepping ~*~*~tactically~*~*~ (outnumbered).
 16973 | Lair:1   | 16973 ||| INVOKING Heroism.
 16979 | Lair:1   | 16979 ||| Stepping ~*~*~tactically~*~*~ (outnumbered).
 17045 | Lair:1   | 17045 ||| Stepping ~*~*~tactically~*~*~ (stealth).
 17046 | Lair:1   | 17046 ||| Stepping ~*~*~tactically~*~*~ (stealth).
 17047 | Lair:1   | 17047 ||| Stepping ~*~*~tactically~*~*~ (stealth).
 17048 | Lair:1   | 17048 ||| INVOKING Heroism.
 17054 | Lair:1   | Received a gift from Okawaru
 17055 | Lair:1   | 17055 ||| Stepping ~*~*~tactically~*~*~ (outnumbered).
 17056 | Lair:1   | 17056 ||| Stepping ~*~*~tactically~*~*~ (outnumbered).
 17057 | Lair:1   | 17057 ||| Stepping ~*~*~tactically~*~*~ (outnumbered).
 17058 | Lair:1   | 17058 ||| Stepping ~*~*~tactically~*~*~ (outnumbered).
 17059 | Lair:1   | 17059 ||| Stepping ~*~*~tactically~*~*~ (outnumbered).
 17060 | Lair:1   | 17060 ||| Stepping ~*~*~tactically~*~*~ (outnumbered).
 17061 | Lair:1   | 17061 ||| Stepping ~*~*~tactically~*~*~ (outnumbered).
 17062 | Lair:1   | 17062 ||| Stepping ~*~*~tactically~*~*~ (outnumbered).
 17063 | Lair:1   | 17063 ||| Stepping ~*~*~tactically~*~*~ (outnumbered).
 17066 | Lair:1   | 17066 ||| Stepping ~*~*~tactically~*~*~ (outnumbered).
 17067 | Lair:1   | 17067 ||| Stepping ~*~*~tactically~*~*~ (outnumbered).
 17068 | Lair:1   | 17068 ||| Stepping ~*~*~tactically~*~*~ (outnumbered).
 17069 | Lair:1   | 17069 ||| Stepping ~*~*~tactically~*~*~ (outnumbered).
 17071 | Lair:1   | 17071 ||| Stepping ~*~*~tactically~*~*~ (outnumbered).
 17072 | Lair:1   | 17072 ||| Stepping ~*~*~tactically~*~*~ (stealth).
 17091 | Lair:1   | 17091 ||| Stepping ~*~*~tactically~*~*~ (outnumbered).
 17092 | Lair:1   | 17092 ||| Stepping ~*~*~tactically~*~*~ (outnumbered).
 17093 | Lair:1   | 17093 ||| Stepping ~*~*~tactically~*~*~ (hiding).
 17094 | Lair:1   | 17094 ||| Stepping ~*~*~tactically~*~*~ (hiding).
 17096 | Lair:1   | 17096 ||| Stepping ~*~*~tactically~*~*~ (outnumbered).
 17097 | Lair:1   | 17097 ||| Stepping ~*~*~tactically~*~*~ (outnumbered).
 17098 | Lair:1   | 17098 ||| Stepping ~*~*~tactically~*~*~ (outnumbered).
 17098 | Lair:1   | Noticed Amaemon
 17099 | Lair:1   | 17099 ||| Stepping ~*~*~tactically~*~*~ (outnumbered).
 17100 | Lair:1   | 17100 ||| Stepping ~*~*~tactically~*~*~ (outnumbered).
 17101 | Lair:1   | 17101 ||| Stepping ~*~*~tactically~*~*~ (hiding).
 17102 | Lair:1   | 17102 ||| Stepping ~*~*~tactically~*~*~ (hiding).
 17103 | Lair:1   | 17103 ||| INVOKING Heroism.
 17104 | Lair:1   | 17104 ||| Stepping ~*~*~tactically~*~*~ (outnumbered).
 17105 | Lair:1   | 17105 ||| Stepping ~*~*~tactically~*~*~ (outnumbered).
 17106 | Lair:1   | 17106 ||| Stepping ~*~*~tactically~*~*~ (outnumbered).
 17109 | Lair:1   | Reached skill level 9 in Fighting
 17118 | Lair:1   | Reached skill level 9 in Invocations
 17132 | Lair:1   | HP: 22/104 [Amaemon/+1 demon whip of venom (5)]
 17138 | Lair:1   | Killed Amaemon
 17139 | Lair:1   | HP: 12/104 [orange demon[Amaemon] (1)]
 17145 | Lair:1   | HP: 4/104 [orange demon[Amaemon] (2)]
 17146 | Lair:1   | 17146 ||| INVOKING Heroism.
 17146 | Lair:1   | Slain by a yak

Levels and vault maps discovered:
D:1:      beargit_arrival_diablo_church, layout_basic, minmay_misc_feat_encased
D:2:      layout_basic, hellmonk_ecumenical_altar_blasted, roderic_lattice_a,
          st_stairs_9
D:3:      layout_loops_ring
D:4:      layout_basic, yredelemnul_forgotten_temple_becter, uniq_grinder
D:5:      layout_basic, nicolae_uskayaw_dance_hall,
          mainiacjoe_overflow_cross_hatched, grunt_ministairs_12,
          nicolae_shop_clearance, uniq_pikel
D:6:      corexii_shack_village, layout_basic, minmay_temple_entry_wispy
D:7:      layout_basic, nicolae_elevator_lobby_plus
D:8:      layout_gridville, mainiacjoe_overflow_paths,
          nzn_hepliaklqana_mist_gate, lightli_ossuary_entry_decrepit_ruins,
          minmay_ruffians
D:9:      layout_basic
D:10:     layout_big_octagon, mainiacjoe_overflow_brackets,
          nicolae_dithmenos_shadow_blocks, erik_lair_dragon, orc_0_dummy,
          uniq_nergalle
D:11:     layout_basic, portal_ice_cave_entry_pillars_1, enter_trove_6
Temple:   nicolae_temple_superstar
Lair:1:   layout_chaotic_city, uniq_amaemon

Skill      XL: |  1  2  3  4  5  6  7  8  9 10 11 12 |
---------------+-------------------------------------+-----
Unarmed Combat | 1 2 3 4 5 6 7 10 12 13 15 | 15.0
Fighting       | 1 2 4 5 6 8 9 |  9.0
Armour         | 1 2 3 4 6 |  6.3
Throwing       | 1 2 3 |  3.1
Invocations    | 2 4 7 9 |  9.4
Dodging        | 2 |  2.0
Shields        | 4 |  4.0
Short Blades   | |  0.8
Stealth        | |  3.2
Spellcasting   | |  1.7
Hexes          | |  2.4

Action                   |  1- 3 |  4- 6 |  7- 9 | 10-12 || total
-------------------------+-------+-------+-------+-------++-------
Melee: Unarmed           |   127 |   274 |   304 |   534 ||  1239
       Punch             |     1 |     2 |    15 |    38 ||    56
Throw: Boomerang         |       |    14 |    46 |    25 ||    85
       Javelin           |       |       |       |    52 ||    52
Invok: Heroism           |       |       |     3 |    25 ||    28
  Use: Scroll            |       |     7 |     1 |    14 ||    22
       Potion            |       |     2 |       |     4 ||     6
 Stab: Sleeping          |     1 |       |       |       ||     1
       Confused          |       |       |       |     1 ||     1
Armor: Robe              |    19 |     1 |       |       ||    20
       Chain mail        |       |   120 |   140 |    62 ||   322
       Plate armour      |       |       |       |   246 ||   246
Dodge: Dodged            |    66 |    65 |    88 |   178 ||   397
Block: Buckler           |       |       |       |    50 ||    50

Table legend:
 A = Non-vault XP
 B = Vault XP
 C = Vault XP percentage of total XP
 D = Non-vault monster count
 E = Vault monster count
 F = Vault count percentage of total count
                 A         B        C        D         E       F
            +---------+---------+-------+---------+---------+-------
      Total |   22259 |    4241 |  16.0 |     238 |      33 |  12.2
            +---------+---------+-------+---------+---------+-------
        D:1 |      26 |       0 |   0.0 |      17 |       0 |   0.0
        D:2 |      71 |      20 |  22.0 |      12 |       3 |  20.0
        D:3 |     111 |       0 |   0.0 |      24 |       0 |   0.0
        D:4 |     304 |     291 |  48.9 |      17 |       2 |  10.5
        D:5 |     868 |     819 |  48.5 |      22 |       3 |  12.0
        D:6 |     627 |      27 |   4.1 |      10 |      14 |  58.3
        D:7 |    2634 |       0 |   0.0 |      32 |       0 |   0.0
        D:8 |    2628 |     959 |  26.7 |      22 |       5 |  18.5
        D:9 |    1879 |       0 |   0.0 |      18 |       0 |   0.0
       D:10 |    1232 |    1352 |  52.3 |      14 |       5 |  26.3
       D:11 |    4424 |       0 |   0.0 |      15 |       0 |   0.0
     Lair:1 |    7455 |     773 |   9.4 |      35 |       1 |   2.8
            +---------+---------+-------+---------+---------+-------
